 Dungeon Crawl Stone Soup version 0.30-a0-989-g0d87f670db (webtiles) character file.

Game seed: 17671649177673738723

165 jtron the Magician (level 5, -1/57 HPs)
             Began as a Demonspawn Wanderer on Apr 3, 2023.
             Was an Initiate of Fedhas.
             Slain by an orc wizard
             ... wielding a +0 dagger
              (4 damage)
             ... on level 4 of the Dungeon.
             The game lasted 00:06:04 (2982 turns).

jtron the Magician (Demonspawn Wanderer)            Turns: 2982, Time: 00:06:04

Health: -1/57      AC:  4    Str: 12    XL:     5   Next: 22%
Magic:  12/12      EV: 12    Int: 11    God:    Fedhas [......]
Gold:   238        SH:  0    Dex: 17    Spells: 13/14 levels left

rFire   . . .      SeeInvis .    a - +0 quarterstaff
rCold   . . .      Faith    .    (shield currently unavailable)
rNeg    . . .      Spirit   .    d - +0 robe
rPois   +          Reflect  .    (no helmet)
rElec   .          Rampage  .    i - +1 cloak {rPois}
rCorr   .                        (no gloves)
Will    .....                    (no boots) Stlth
                                 (no amulet)
HPRegen 0.29/turn                (no ring)
MPRegen 0.13/turn                (no ring)

@: mighty, berserking, very quick
A: sturdy frame 1, condensation shield
a: Renounce Religion


You were on level 4 of the Dungeon.
You worshipped Fedhas.
Fedhas was noncommittal.
You visited 2 branches of the dungeon, and saw 5 of its levels.

You collected 238 gold pieces.

Inventory:

Hand Weapons
 a - a +0 quarterstaff (weapon)
 b - a +2 sling of draining
Missiles
 e - 65 stones
Armour
 d - a +0 robe (worn)
 i - a +1 cloak of poison resistance (worn)
Magical Staves
 f - a staff of death
Jewellery
 p - an amulet of regeneration
Wands
 t - a wand of iceblast (5)
Scrolls
 h - a scroll of poison {unknown}
 k - 2 scrolls of magic mapping {unknown}
 l - 2 scrolls of enchant weapon {unknown}
 o - 2 scrolls of acquirement {unknown}
 r - a scroll of enchant armour {unknown}
 u - a scroll of blinking {unknown}
 w - a scroll of noise {unknown}
 x - 2 scrolls of teleportation {unknown}
 y - 2 scrolls of vulnerability {unknown}
 z - a scroll of torment {unknown}
Potions
 j - a potion of might
 m - a potion of resistance {unknown}
 n - 2 potions of degeneration {unknown}
 q - a potion of flight {unknown}
 s - 3 potions of curing {unknown}
 v - 2 potions of brilliance {unknown}
 A - a potion of magic {unknown}
Miscellaneous
 g - a piece from Xom's chessboard (15/15)


   Skills:
 + Level 1.8 Fighting
 + Level 1.0 Staves
 + Level 2.9 Ranged Weapons
 + Level 2.0 Dodging
 + Level 0.2 Stealth
 - Level 5.0 Spellcasting
 * Level 2.3 Ice Magic
 + Level 1.0 Evocations


You had 13 spell levels left.
You knew the following spells:

 Your Spells              Type           Power      Damage    Failure   Level
a - Freeze                Ice            28%        1d5       9%          1

Your spell library contained the following spells:

 Spells                   Type           Power      Damage    Failure   Level
 Sting                    Tmut/Pois      8%         1d3       22%         1
 Lesser Beckoning         Tloc           4%         N/A       32%         2
 Passwall                 Tmut/Erth      1%         N/A       32%         2
 Poisonous Vapours        Pois/Air       4%         N/A       32%         2
 Stone Arrow              Conj/Erth      4%         3d7       54%         3
 Olgreb's Toxic Radiance  Pois           2%         N/A       91%         4


Dungeon Overview and Level Annotations

Branches:
Dungeon (4/15)             Temple (1/1) D:4

Altars:
Cheibriados
Dithmenos
Fedhas
Kikubaaqudgha
Okawaru
Qazlal
Ru
Uskayaw
Vehumet
Wu Jian
Xom
Yredelemnul

Shops:
D:2 *


Innate Abilities, Weirdness & Mutations

Your movements are slightly less encumbered by armour. (ER -2)
A meltable shield of frost defends you. (SH +0)


Message History

You block the orc's attack. Something hits you.
You hear some strange, mumbled words.
A puff of flame appears from out of thin air!
The puff of flame hits you.
Your condensation shield dissipates!
You sock the orc!
You kill the orc!
Fedhas appreciates your contribution to the ecosystem.
The orc closely misses you. Something hits you.
* * * LOW HITPOINT WARNING * * *
Something hits you.
* * * LOW HITPOINT WARNING * * *
A red film seems to cover your vision as you go berserk!
You feel yourself moving faster!
You feel mighty! The orc misses you. Something hits you.
* * * LOW HITPOINT WARNING * * *
Something hits you.
* * * LOW HITPOINT WARNING * * *
You miss something. The orc hits you with a +0 whip.
* * * LOW HITPOINT WARNING * * *
Something hits you.
* * * LOW HITPOINT WARNING * * *
Something completely misses you.
You hit the orc.
The orc is moderately wounded.
The orc barely misses you. Something hits you.
* * * LOW HITPOINT WARNING * * *
Something hits you but does no damage.
You thump the orc!
You kill the orc!
Fedhas appreciates your contribution to the ecosystem.
Something barely misses you.
You hear some strange, mumbled words.
A magic dart appears from out of thin air!
The magic dart hits you.
* * * LOW HITPOINT WARNING * * *
You closely miss something. Something hits you but does no damage.
Something hits you.
You die...
Fedhas appreciates your contribution to the ecosystem.

..##..........#........
..#.
............#.8.#.....^
##..
...#...........)......##
...#
..##.##.....8.>.8##....#
.##
..........#.......##..###
##.........##.8.#.#.....#
####......#####..#
+......####.{.##...
.........)@.......
......){.......
...).........##
............##
.#.)........#
#..........#
.............
..............


There were no monsters in sight!

Vanquished Creatures
  An orc priest (D:3)
  4 adders
  2 worms
  2 dart slugs
  7 orcs
  5 endoplasms
  6 giant cockroaches
  6 goblins
  6 hobgoblins
  6 jackals (D:1)
  7 kobolds
  6 quokkas
  4 ball pythons
  4 bats
  2 frilled lizards
  7 rats
75 creatures vanquished.

Notes
Turn   | Place    | Note
-------+----------+-------------------------------------------
     0 | D:1      | jtron the Demonspawn Wanderer began the quest for the Orb.
     0 | D:1      | jtron set off with the following items: a +0 quarterstaff,
                  | a piece from Xom's chessboard (15/15), a potion of berserk
                  | rage, a +0 robe; and the following spell memorised: Freeze;
                  | and the following spells available to memorise: Lesser
                  | Beckoning, Passwall, Stone Arrow.
     0 | D:1      | Reached XP level 1. HP: 13/13 MP: 6/6
   126 | D:1      | Reached skill level 1 in Ice Magic
   271 | D:1      | Gained mutation: Your movements are slightly less
                  | encumbered by armour. (ER -2) [demonic ancestry]
   271 | D:1      | Reached XP level 2. HP: 19/20 MP: 6/8
   382 | D:1      | Reached skill level 1 in Fighting
   564 | D:1      | Gained mutation: A meltable shield of frost defends you.
                  | (SH +0) [demonic ancestry]
   564 | D:1      | Reached XP level 3. HP: 21/26 MP: 9/9
   989 | D:2      | Reached skill level 1 in Ranged Weapons
  1110 | D:2      | Found Otzakhlu's Assorted Antiques.
  1343 | D:2      | Reached XP level 4. HP: 32/32 MP: 11/11
  1703 | D:3      | Found a stormy altar of Qazlal.
  1841 | D:3      | Found a shadowy altar of Dithmenos.
  2104 | D:3      | Found an iron altar of Okawaru.
  2502 | D:3      | Found a faded altar of an unknown god.
  2648 | D:4      | Reached XP level 5. HP: 38/38 MP: 12/12
  2840 | D:4      | Found a staircase to the Ecumenical Temple.
  2845 | Temple   | Entered the Ecumenical Temple
  2927 | Temple   | Became a worshipper of Fedhas Madash
  2982 | D:4      | Slain by an orc wizard

Illustrated notes

Levels and vault maps discovered:
D:1:      dpeg_arrival_morbid_curiosity, layout_basic, minmay_tetromino_t4
D:2:      layout_basic, serial_shops, shop
D:3:      layout_loops_corners, grunt_dithmenos_smoke_and_mirrors,
          okawaru_trees_1, mainiacjoe_overflow_tiny_flanked,
          shapermc_ecumenical_altar_mp_vishouse, minivault_14, minmay_cut_off
D:4:      layout_cave_pools, mainiacjoe_overflow_surrounded_room,
          nemelex_dance_club_becter, minmay_temple_entry_statues_pillars
Temple:   oiseaux_autumnal_temple

Skill      XL: |  1  2  3  4 |
---------------+-------------+-----
Ice Magic      | 1 2 |  2.3
Fighting       | 1 |  1.8
Dodging        | 2 |  2.0
Ranged Weapons | 1 2 |  2.9
Staves         | |  1.0
Stealth        | |  0.2
Spellcasting   | |  5.0
Evocations     | |  1.0

Action                     |  1- 3 |  4- 6 || total
---------------------------+-------+-------++-------
  Melee: Quarterstaff      |     9 |     8 ||    17
   Fire: Sling             |    70 |    58 ||   128
   Cast: Freeze            |    14 |       ||    14
    Use: Potion            |       |     2 ||     2
 Armour: Robe              |    13 |     5 ||    18
  Dodge: Dodged            |    33 |    11 ||    44
  Block: Other             |     2 |     2 ||     4

Table legend: (Time is in decaauts)
 A = Elapsed time spent in this place.
 B = Non-inter-level travel time spent in this place.
 C = Inter-level travel time spent in this place.
 D = Time resting spent in this place.
 E = Time spent auto-exploring this place.
 F = Levels seen in this place.
 G = Mean time per level.
                   A        B        C        D        E       F      G
               +--------+--------+--------+--------+--------+-----+--------+
         Total |   3024 |   2895 |    129 |     35 |   2467 |   5 |  604.8 |
       Dungeon |   2913 |   2811 |    102 |     35 |   2400 |   4 |  728.2 |
        Temple |    110 |     83 |     27 |      0 |     67 |   1 |  110.0 |
               +--------+--------+--------+--------+--------+-----+--------+

Top non-repeatable levels by time:
     D:1: 998 daAuts
     D:3: 938 daAuts
     D:2: 711 daAuts
     D:4: 265 daAuts
  Temple: 110 daAuts
